 Dungeon Crawl Stone Soup version 0.28.0-53-g5a82cb258f (webtiles) character file.

Game seed: 12791144711472205957

49 bnorton916 the Firebug (level 3, 0/19 HPs)
             Began as a Deep Elf Fire Elementalist on May 21, 2022.
             Succumbed to an adder's poison
             ... on level 1 of the Dungeon.
             The game lasted 00:01:20 (2482 turns).

bnorton916 the Firebug (Deep Elf Fire Elementalist) Turns: 2482, Time: 00:01:20

Health: 0/19       AC:  2    Str:  5    XL:     3   Next: 51%
Magic:  8/10       EV: 12    Int: 21    God:
Gold:   48         SH:  0    Dex: 15    Spells: 8/9 levels left

rFire   . . .      SeeInvis .   (no weapon)
rCold   . . .      Faith    .   (no shield)
rNeg    . . .      Spirit   .   a - +0 robe
rPois   .          Reflect  .   (no helmet)
rElec   .          Harm     .   (no cloak)
rCorr   .          Rampage  .   (no gloves)
Will    .....                   (no boots)
Stlth   ++........              (no amulet)
HPRegen 0.06/turn               (no ring)
MPRegen 0.12/turn               (no ring)

@: lethally poisoned (0 -> -7)
A: no striking features
a: no special abilities


You were on level 1 of the Dungeon.
You visited 1 branch of the dungeon, and saw 2 of its levels.

You collected 48 gold pieces.

Inventory:

Missiles
 c - 5 boomerangs
Armour
 a - a +0 robe (worn)
Scrolls
 d - a scroll of magic mapping {unknown}
 e - a scroll of identify {unknown}
 f - a scroll of amnesia {unknown}
 g - a scroll of enchant weapon {unknown}
Potions
 b - a potion of flight {unknown}
 h - a potion of brilliance {unknown}


   Skills:
 - Level 2.4 Dodging
 - Level 2.4 Stealth
 + Level 3.9 Spellcasting
 + Level 2.3 Conjurations
 + Level 4.0 Fire Magic


You had 8 spell levels left.
You knew the following spells:

 Your Spells              Type           Power      Damage    Failure   Level
a - Foxfire               Conj/Fire      68%        2x1d7     3%          1

Your spell library contained the following spells:

 Spells                   Type           Power      Damage    Failure   Level
 Scorch                   Fire           42%        2d7       3%          2
 Conjure Flame            Conj/Fire      17%        6-21      10%         3
 Inner Flame              Hex/Fire       12%        N/A       16%         3
 Flame Wave               Conj/Fire      17%        2d6       32%         4


Dungeon Overview and Level Annotations

Branches:
Dungeon (2/15)

Altars:


Message History

Confirm with . or Enter, or press ? or * to list all spells.
You conjure some foxfire!
The foxfire hits Jessica but does no damage.
Jessica is heavily wounded.
The foxfire hits Jessica.
You kill Jessica!
An adder comes into view.
Your Conjurations skill increases to level 2!
Your Fire Magic skill increases to level 4!
You have reached level 3!
Your experience leads to an increase in your attributes!
Increase (S)trength, (I)ntelligence, or (D)exterity?
You feel clever. x2
A hobgoblin comes into view.
The adder hisses angrily.
There is a stone staircase leading up here.
The ball python bites you but does no damage.
The ball python grabs you.
You stop ascending the stairs.
The ball python constricts you.
The ball python bites you but does no damage.
The ball python constricts you.
Unknown command.
Casting: Foxfire (safe; 3% risk of failure)
Confirm with . or Enter, or press ? or * to list all spells.
You conjure some foxfire!
The foxfire hits the ball python.
You kill the ball python!
The foxfire hits the adder.
The adder is lightly wounded.
The adder misses you.
Unknown command.
The adder closely misses you. The adder barely misses you.
You climb upwards.
There is a stone staircase leading down here.
Casting: Foxfire (safe; 3% risk of failure)
Confirm with . or Enter, or press ? or * to list all spells.
You conjure some foxfire!
The adder bites you.
* * * LOW HITPOINT WARNING * * *
You are lethally poisoned!
The adder poisons you!
You die...

###'## ##..♣♣P.♣÷♣..# #.......
#....#######...♣♣♣♣♣♣.## #.......
#.....................# #.###.##
.........#####.#.##.### #.###.#
....................# #'#...#
≈P.P≈≈P...####...####### #'##.###
≈≈.≈≈≈≈................###.##.#..
≈≈.≈≈≈≈...#####S.......##8.8###.#
≈≈.≈≈≈≈...# ##@v.....###.####.#
≈≈.≈≈≈≈...#######v.....###.##...#
≈≈.≈≈≈≈...#.............#8.8#####
≈≈.≈≈≈≈...#.#####......###.##
≈≈.≈≈≈≈...#.# ##########.##
≈≈.≈≈≈≈...#'### #8.8#
≈...≈≈P.......# ### ####.######
..............#####8###8##.##8##8
..<...........##.+...............


You could see an adder (ally target).

Vanquished Creatures
  Jessica (D:2)
  A dart slug (D:1)
  An endoplasm (D:1)
  2 goblins
  A hobgoblin (D:1)
  9 ball pythons
  2 bats (D:1)
  2 frilled lizards (D:1)
  A kobold (D:1)
  4 rats
24 creatures vanquished.

Vanquished Creatures (collateral kills)
  A foxfire (D:1)
1 creature vanquished.

Vanquished Creatures (others)
  134 foxfires
134 creatures vanquished.

Grand Total: 159 creatures vanquished

Notes
Turn   | Place    | Note
-------+----------+-------------------------------------------
     0 | D:1      | bnorton916 the Deep Elf Fire Elementalist began the quest
                  | for the Orb.
     0 | D:1      | Reached XP level 1. HP: 10/10 MP: 6/6
   803 | D:1      | Reached XP level 2. HP: 15/15 MP: 4/8
  1929 | D:1      | Found a faded altar of an unknown god.
  2449 | D:2      | Noticed Jessica
  2456 | D:2      | Killed Jessica
  2457 | D:2      | Reached skill level 4 in Fire Magic
  2457 | D:2      | Reached XP level 3. HP: 6/19 MP: 7/10
  2482 | D:1      | Succumbed to an adder's poison

Illustrated notes

Levels and vault maps discovered:
D:1:      giann_bridges, layout_basic, dilly_ecumenical_altar_fadedgnrine,
          dk_noncrumbling_2, minmay_misc_feat_hallway
D:2:      layout_basic, serial_curves, eino_curves_01, eino_curves_03,
          eino_curves_01, minmay_box_of_dots, uniq_jessica

Skill      XL: |  1  2 |
---------------+-------+-----
Conjurations   | 2 |  2.3
Fire Magic     | 4 |  4.0
Dodging        | |  2.4
Stealth        | |  2.4
Spellcasting   | |  3.9

Action                   || total
-------------------------++-------
 Cast: Foxfire           ||    90
Armor: Robe              ||     5
Dodge: Dodged            ||     6
